TOP OF THE 1ST |
University of Virginia Cavaliers batting - Pitching for Arizona State University Sun Devils : RHP Adam Karst
|
Pitching: RHP Adam Karst
|
|
Batting: RHB Rohit Gadhavi
|
0-0: Ball 1-0: Ball 2-0: Ground out 6-3 (Groundball, 6, EV 103.8 MPH)
|
Batting: LHB Sean Banks
|
0-0: Foul Ball, location: 2F 0-1: Called Strike 0-2: Foul Ball, location: 2F 0-2: Fly out, F7 (Flyball, 78D, EV 105.0 MPH)
|
Batting: RHB Arnaud Derosiers
|
0-0: DOUBLE (Line Drive, 9LD, EV 97.5 MPH)
|
Batting: RHB Adam Dudek
|
0-0: Ball 1-0: Ball 2-0: Ball 3-0: Called Strike 3-1: Base on Balls
|
Batting: RHB Leo Villa
|
0-0: Reached on error, E2 (Groundball, 2R, EV 73.1 MPH) Arnaud Derosiers to third Adam Dudek to second
|
Batting: RHB Kevin Steed
|
0-0: Called Strike 0-1: Called Strike 0-2: Strikes out swinging
|
Top of the 1st over - 0 runs, 1 hit, 1 error, 3 left on base; University of Virginia 0 - Arizona State University 0 |
BOTTOM OF THE 1ST |
Arizona State University Sun Devils batting - Pitching for University of Virginia Cavaliers : RHP Cliff Peters
|
Pitching: RHP Cliff Peters
|
|
Batting: RHB Mike Hughes
|
0-0: Called Strike 0-1: Swinging Strike 0-2: Strikes out swinging
|
Batting: LHB Kazuyoshi Ikeda
|
0-0: Called Strike 0-1: Ball 1-1: Ball 2-1: Called Strike 2-2: Foul Ball, location: 2F 2-2: Strikes out swinging
|
Batting: LHB Travis Hahn
|
0-0: Foul Ball, location: 2F 0-1: Ball 1-1: Foul Ball, location: 2F 1-2: Ball 2-2: Foul Ball, location: 2F 2-2: Strikes out looking
|
Bottom of the 1st over - 0 runs, 0 hits, 0 errors, 0 left on base; University of Virginia 0 - Arizona State University 0 |
TOP OF THE 2ND |
University of Virginia Cavaliers batting - Pitching for Arizona State University Sun Devils : RHP Adam Karst
|
Batting: RHB Matt Peddle
|
0-0: Ball 1-0: Swinging Strike 1-1: Ground out 5-3 (Groundball, 56, EV 88.8 MPH)
|
Batting: RHB Matt Sobolewski
|
0-0: Fly out, F6 (Flyball, 6MD, EV 90.6 MPH)
|
Batting: RHB Gabe Secundino
|
0-0: Ball 1-0: Ball 2-0: Called Strike 2-1: Swinging Strike 2-2: Ball 3-2: Base on Balls
|
Batting: RHB Rohit Gadhavi
|
0-0: Foul Ball, location: 2F 0-1: Ball 1-1: Foul Ball, location: 2F 1-2: Ball 2-2: Strikes out swinging
|
Top of the 2nd over - 0 runs, 0 hits, 0 errors, 1 left on base; University of Virginia 0 - Arizona State University 0 |
BOTTOM OF THE 2ND |
Arizona State University Sun Devils batting - Pitching for University of Virginia Cavaliers : RHP Cliff Peters
|
Batting: LHB Pedro Garza
|
0-0: Ball 1-0: Ball 2-0: Ball 3-0: Called Strike 3-1: Base on Balls
|
Batting: RHB Jaylen North
|
0-0: Called Strike 0-1: Ball 1-1: Ball 2-1: Ball 3-1: Base on Balls Pedro Garza to second
|
Batting: RHB Toshikatsu Omori
|
0-0: Ball 1-0: Called Strike 1-1: SINGLE (Line Drive, 56, EV 95.6 MPH) Pedro Garza to third Jaylen North to second
|
Batting: RHB Jeff Buchanan
|
0-0: Called Strike 0-1: Fielders Choice at 2nd, 5-4 (Groundball, 56S, EV 81.3 MPH) Pedro Garza scores Jaylen North to third
|
Batting: RHB Wil Ochoa
|
0-0: Ball 1-0: DOUBLE (Flyball, 8LXD, EV 86.3 MPH) Jaylen North scores Jeff Buchanan to third
|
Batting: RHB Charles Mealer
|
0-0: Ball 1-0: Foul Ball, location: 2F 1-1: Foul Ball, location: 2F 1-2: Strikes out swinging
|
Batting: RHB Mike Hughes
|
0-0: Ground out 6-3 (Groundball, 6, EV 85.6 MPH)
|
Bottom of the 2nd over - 2 runs, 2 hits, 0 errors, 2 left on base; University of Virginia 0 - Arizona State University 2 |
TOP OF THE 3RD |
University of Virginia Cavaliers batting - Pitching for Arizona State University Sun Devils : RHP Adam Karst
|
Batting: LHB Sean Banks
|
0-0: Ground out 5-3 (Groundball, 56, EV 86.9 MPH)
|
Batting: RHB Arnaud Derosiers
|
0-0: Ball 1-0: Fly out, F8 (Flyball, 8RS, EV 83.1 MPH)
|
Batting: RHB Adam Dudek
|
0-0: Ball 1-0: Ball 2-0: Ball 3-0: Base on Balls
|
Batting: RHB Leo Villa
|
0-0: 2-RUN HOME RUN (Flyball, 9D, EV 95.0 MPH), Distance : 355 ft
|
Batting: RHB Kevin Steed
|
0-0: Ball 1-0: Foul Ball, location: 2F 1-1: Ball 2-1: Reached via error on a dropped throw from 1B, E1 (Groundball, 34S, EV 86.3 MPH)
|
Batting: RHB Matt Peddle
|
0-0: Ball 1-0: Fielders Choice at 2nd, 6-4 (Groundball, 6, EV 106.9 MPH)
|
Top of the 3rd over - 2 runs, 1 hit, 1 error, 1 left on base; University of Virginia 2 - Arizona State University 2 |
BOTTOM OF THE 3RD |
Arizona State University Sun Devils batting - Pitching for University of Virginia Cavaliers : RHP Cliff Peters
|
Batting: LHB Kazuyoshi Ikeda
|
0-0: Ball 1-0: Ground out 5-3 (Groundball, 56, EV 79.4 MPH)
|
Batting: LHB Travis Hahn
|
0-0: Ball 1-0: Foul Ball, location: 2F 1-1: Swinging Strike 1-2: Strikes out swinging
|
Batting: LHB Pedro Garza
|
0-0: Ball 1-0: Foul Ball, location: 2F 1-1: Ball 2-1: Ball 3-1: Ground out U3 (Groundball, 3L, EV 102.5 MPH)
|
Bottom of the 3rd over - 0 runs, 0 hits, 0 errors, 0 left on base; University of Virginia 2 - Arizona State University 2 |
TOP OF THE 4TH |
University of Virginia Cavaliers batting - Pitching for Arizona State University Sun Devils : RHP Adam Karst
|
Batting: RHB Matt Sobolewski
|
0-0: Ball 1-0: Ground out 5-3 (Groundball, 5, EV 86.3 MPH)
|
Batting: RHB Gabe Secundino
|
0-0: Swinging Strike 0-1: Ball 1-1: Ball 2-1: Called Strike 2-2: Ball 3-2: SINGLE (Groundball, 34D, EV 98.1 MPH)
|
Batting: RHB Rohit Gadhavi
|
0-0: Called Strike 0-1: Swinging Strike 0-2: Ball 1-2: Strikes out swinging
|
Batting: LHB Sean Banks
|
0-0: Called Strike 0-1: Ground out 4-3 (Groundball, 4, EV 89.4 MPH)
|
Top of the 4th over - 0 runs, 1 hit, 0 errors, 1 left on base; University of Virginia 2 - Arizona State University 2 |
BOTTOM OF THE 4TH |
Arizona State University Sun Devils batting - Pitching for University of Virginia Cavaliers : RHP Cliff Peters
|
Batting: RHB Jaylen North
|
0-0: Ground out 6-3 (Groundball, 6S, EV 75.6 MPH)
|
Batting: RHB Toshikatsu Omori
|
0-0: Ball 1-0: SINGLE (Line Drive, 34D, EV 99.4 MPH)
|
Batting: RHB Jeff Buchanan
|
0-0: Ball 1-0: Foul Ball, location: 2F 1-1: Ball 2-1: Swinging Strike 2-2: SINGLE (Flyball, 34D, EV 91.3 MPH) Toshikatsu Omori to second
|
Batting: RHB Wil Ochoa
|
0-0: Foul Ball, location: 2F 0-1: Foul Ball, location: 2F 0-2: Ball 1-2: Strikes out swinging
|
Batting: RHB Charles Mealer
|
0-0: Called Strike 0-1: Fly out, F8 (Flyball, 8RS, EV 88.1 MPH)
|
Bottom of the 4th over - 0 runs, 2 hits, 0 errors, 2 left on base; University of Virginia 2 - Arizona State University 2 |
TOP OF THE 5TH |
University of Virginia Cavaliers batting - Pitching for Arizona State University Sun Devils : RHP Adam Karst
|
Batting: RHB Arnaud Derosiers
|
0-0: Ball 1-0: SINGLE (Groundball, 56D, EV 99.4 MPH)
|
Batting: RHB Adam Dudek
|
0-0: Called Strike 0-1: Ball 1-1: Fly out, F8 (Line Drive, 8LM, EV 92.5 MPH)
|
Batting: RHB Leo Villa
|
0-0: Ball Wild Pitch! Arnaud Derosiers to second 1-0: Ground out 1-3 (Groundball, 15S, EV 68.1 MPH)
|
Batting: RHB Kevin Steed
|
0-0: Foul Ball, location: 2F 0-1: Foul Ball, location: 2F 0-2: SINGLE (Groundball, 6D, EV 97.5 MPH) Arnaud Derosiers to third
|
Batting: RHB Matt Peddle
|
0-0: Fielders Choice at 2nd, 6-4 (Groundball, 56, EV 81.3 MPH)
|
Top of the 5th over - 0 runs, 2 hits, 0 errors, 2 left on base; University of Virginia 2 - Arizona State University 2 |
BOTTOM OF THE 5TH |
Arizona State University Sun Devils batting - Pitching for University of Virginia Cavaliers : RHP Cliff Peters
|
Batting: RHB Mike Hughes
|
0-0: Ball 1-0: Foul Ball, location: 2F 1-1: Swinging Strike 1-2: Strikes out looking
|
Batting: LHB Kazuyoshi Ikeda
|
0-0: Ball 1-0: Called Strike 1-1: Hit by Pitch
|
Batting: LHB Travis Hahn
|
0-0: Ball 1-0: Foul Ball, location: 2F 1-1: Ball 2-1: Foul Ball, location: 2F 2-2: Strikes out swinging
|
Batting: LHB Pedro Garza
|
0-0: Foul Ball, location: 2F 0-1: Swinging Strike 0-2: Strikes out swinging
|
Bottom of the 5th over - 0 runs, 0 hits, 0 errors, 1 left on base; University of Virginia 2 - Arizona State University 2 |
TOP OF THE 6TH |
University of Virginia Cavaliers batting - Pitching for Arizona State University Sun Devils : RHP Adam Karst
|
Batting: RHB Matt Sobolewski
|
0-0: Called Strike 0-1: Ball 1-1: Called Strike 1-2: Ground out 5-3 (Groundball, 56, EV 88.1 MPH)
|
Pitching: LHP Tyler MacLean
|
|
Batting: RHB Gabe Secundino
|
0-0: Called Strike 0-1: Foul Ball, location: 2F 0-2: Ball 1-2: Ball 2-2: Fly out, F8 (Line Drive, 8RM, EV 99.4 MPH)
|
Batting: RHB Rohit Gadhavi
|
0-0: Swinging Strike 0-1: Ball 1-1: Foul Ball, location: 2F 1-2: Strikes out swinging
|
Top of the 6th over - 0 runs, 0 hits, 0 errors, 0 left on base; University of Virginia 2 - Arizona State University 2 |
BOTTOM OF THE 6TH |
Arizona State University Sun Devils batting - Pitching for University of Virginia Cavaliers : RHP Cliff Peters
|
Pitching: RHP Matt Seivert
|
|
Batting: RHB Jaylen North
|
0-0: Ground out U3 (Groundball, 3L, EV 84.4 MPH)
|
Batting: RHB Toshikatsu Omori
|
0-0: Called Strike 0-1: Ball 1-1: Ball 2-1: Foul Ball, location: 2F 2-2: Ball 3-2: Foul Ball, location: 2F 3-2: Strikes out swinging
|
Batting: RHB Jeff Buchanan
|
0-0: Foul Ball, location: 2F 0-1: Called Strike 0-2: Strikes out swinging
|
Bottom of the 6th over - 0 runs, 0 hits, 0 errors, 0 left on base; University of Virginia 2 - Arizona State University 2 |
TOP OF THE 7TH |
University of Virginia Cavaliers batting - Pitching for Arizona State University Sun Devils : LHP Tyler MacLean
|
Batting: LHB Sean Banks
|
0-0: Foul Ball, location: 2F 0-1: Ball 1-1: Foul Ball, location: 2F 1-2: Fly out, F6 (Popup, 56D, EV 50.0 MPH)
|
Batting: RHB Arnaud Derosiers
|
0-0: Swinging Strike 0-1: Ball 1-1: Fly out, F7 (Flyball, 78D, EV 75.6 MPH)
|
Batting: RHB Adam Dudek
|
0-0: Called Strike 0-1: Foul Ball, location: 2F 0-2: Ball 1-2: Fly out, F8 (Line Drive, 8LD, EV 105.0 MPH)
|
Top of the 7th over - 0 runs, 0 hits, 0 errors, 0 left on base; University of Virginia 2 - Arizona State University 2 |
BOTTOM OF THE 7TH |
Arizona State University Sun Devils batting - Pitching for University of Virginia Cavaliers : RHP Matt Seivert
|
Pitching: RHP Steven Frost
|
|
Batting: RHB Wil Ochoa
|
0-0: Ball 1-0: Swinging Strike 1-1: Foul Ball, location: 2F 1-2: Fly out, F3 (Popup, 23F, EV 81.3 MPH)
|
Batting: RHB Charles Mealer
|
0-0: Ball 1-0: Ball 2-0: Ball 3-0: Called Strike 3-1: Swinging Strike 3-2: Ground out 6-3 (Groundball, 6, EV 102.5 MPH)
|
Batting: RHB Mike Hughes
|
0-0: Fly out, F8 (Line Drive, 8RM, EV 91.9 MPH)
|
Bottom of the 7th over - 0 runs, 0 hits, 0 errors, 0 left on base; University of Virginia 2 - Arizona State University 2 |
TOP OF THE 8TH |
University of Virginia Cavaliers batting - Pitching for Arizona State University Sun Devils : LHP Tyler MacLean
|
Batting: RHB Leo Villa
|
0-0: Ball 1-0: Foul Ball, location: 2F 1-1: Foul Ball, location: 2F 1-2: Strikes out swinging
|
Batting: RHB Kevin Steed
|
0-0: Ball 1-0: Ball 2-0: Fly out, F8 (Line Drive, 8RM, EV 90.6 MPH)
|
Batting: RHB Matt Peddle
|
0-0: Foul Ball, location: 2F 0-1: Ball 1-1: Fly out, F8 (Flyball, 89XD, EV 102.5 MPH)
|
Top of the 8th over - 0 runs, 0 hits, 0 errors, 0 left on base; University of Virginia 2 - Arizona State University 2 |
BOTTOM OF THE 8TH |
Arizona State University Sun Devils batting - Pitching for University of Virginia Cavaliers : RHP Steven Frost
|
Batting: LHB Kazuyoshi Ikeda
|
0-0: Foul Ball, location: 2F 0-1: Ground out 5-3 (Groundball, 56S, EV 89.4 MPH)
|
Batting: LHB Travis Hahn
|
0-0: Ball 1-0: Ball 2-0: Ball 3-0: Called Strike 3-1: Base on Balls
|
Batting: LHB Pedro Garza
|
0-0: Ball 1-0: Called Strike 1-1: Foul Ball, location: 2F 1-2: Strikes out swinging
|
Pinch Hitting: RHB Yasutaka Yamasaki
|
0-0: Ball 1-0: Foul Ball, location: 2F 1-1: Called Strike Travis Hahn steals 2nd base 1-2: Strikes out swinging
|
Bottom of the 8th over - 0 runs, 0 hits, 0 errors, 1 left on base; University of Virginia 2 - Arizona State University 2 |
TOP OF THE 9TH |
University of Virginia Cavaliers batting - Pitching for Arizona State University Sun Devils : LHP Tyler MacLean
|
Pitching: LHP Elias Pena
|
|
Now at 1B: John Moore
|
|
Pinch Hitting: RHB Eric McClelland
|
0-0: Ball 1-0: Called Strike 1-1: Ball 2-1: Ball 3-1: Foul Ball, location: 2F 3-2: Strikes out swinging
|
Batting: RHB Gabe Secundino
|
0-0: Called Strike 0-1: Ball 1-1: Foul Ball, location: 2F 1-2: Foul Ball, location: 2F 1-2: Strikes out looking
|
Pinch Hitting: SHB Eric Kelley
|
0-0: Swinging Strike 0-1: Foul Ball, location: 2F 0-2: Foul Ball, location: 2F 0-2: Foul Ball, location: 2F 0-2: Foul Ball, location: 2F 0-2: Fly out, F8 (Flyball, 8RM, EV 83.8 MPH)
|
Top of the 9th over - 0 runs, 0 hits, 0 errors, 0 left on base; University of Virginia 2 - Arizona State University 2 |
BOTTOM OF THE 9TH |
Arizona State University Sun Devils batting - Pitching for University of Virginia Cavaliers : RHP Steven Frost
|
Pitching: RHP Mike Adler
|
|
Now at 3B: Winston Buccat
|
|
Now in CF: Eric Kelley
|
|
Batting: RHB Toshikatsu Omori
|
0-0: SINGLE (Groundball, 56D, EV 98.8 MPH)
|
Batting: RHB Jeff Buchanan
|
0-0: Ball 1-0: Called Strike 1-1: Fielders Choice at 2nd, 4-6 (Groundball, 4, EV 89.4 MPH)
|
Batting: RHB Wil Ochoa
|
0-0: Ball 1-0: Ball 2-0: Ball 3-0: Called Strike 3-1: Foul Ball, location: 2F 3-2: Base on Balls Jeff Buchanan to second
|
Batting: RHB Charles Mealer
|
0-0: Foul Ball, location: 2F 0-1: Ball 1-1: Ball 2-1: Foul Ball, location: 2F 2-2: Strikes out looking
|
Pinch Hitting: RHB Fernando Lara
|
0-0: Swinging Strike 0-1: Ball 1-1: Ball 2-1: SINGLE (Line Drive, 89M, EV 104.4 MPH) Jeff Buchanan to third Wil Ochoa to second
|
Pinch Hitting: RHB Eric Peterson
|
0-0: SINGLE (Line Drive, 4MD, EV 96.9 MPH) Jeff Buchanan scores
|
Bottom of the 9th over - 1 run, 3 hits, 0 errors, 0 left on base; University of Virginia 2 - Arizona State University 3 |
|
Game Over ... Arizona State University defeats University of Virginia, 3 to 2
|
|
|